 Dungeon Crawl Stone Soup version bcrawl-1.27.1d (webtiles) character file.

Game seed: 16466426280981012742

113571 Freyura the Grave Robber (level 3, -3/26 HPs)
             Began as a Mummy Necromancer on July 16, 2020.
             Slain by an orc (5 damage)
             ... on level 3 of the Dungeon.
             The game lasted 00:06:11 (1626 turns).

Freyura the Grave Robber (Mummy Necromancer)        Turns: 1626, Time: 00:06:12

Health: -3/26      AC:  9    Str: 11    XL:     3   Next: 67%
Magic:  1/8        EV: 12    Int: 14    God:
Gold:   221        SH:  0    Dex: 13    Spells: 7/9 levels left

rFire    x . .     SeeInvis .   c - +0 dagger (protect)
rCold    + . .     Gourm    .   (no shield)
rNeg     + + +     Faith    .   b - +0 robe
rPois    ∞         Spirit   .   (no helmet)
rElec    .         Reflect  .   (no cloak)
rCorr    .         Harm     .   (no gloves)
MR       .....     Clarity  +   (no boots)
Stlth    ++........             (no amulet)
HPRegen  0.08/turn              (no ring)
MPRegen  0.11/turn              (no ring)

@: protection aura, slowed, very slow
A: no food or potions, fire vulnerability, clarity, cold resistance 1, negative
energy resistance 3, torment resistance, unbreathing
a: no special abilities


You were on level 3 of the Dungeon.
You were not hungry.

You visited 1 branch of the dungeon, and saw 3 of its levels.

You collected 221 gold pieces.

Inventory:

Hand Weapons
 a - a +1 dagger
 c - a +0 dagger of protection (weapon)
Armour
 b - a +0 robe (worn)
Scrolls
 d - a scroll of identify
 e - a scroll of fear
 f - a scroll of teleportation
 g - a scroll of remove curse {unknown}


   Skills:
 + Level 1.2 Fighting
 - Level 1.5 Dodging
 + Level 2.7 Stealth
 * Level 3.8 Spellcasting
 + Level 4.3 Necromancy


You had 7 spell levels left.
You knew the following spells:

 Your Spells              Type           Power        Failure   Level  Hunger
a - Animate Skeleton      Necr           N/A          3%          1    N/A
b - Pain                  Necr           ##....       3%          1    N/A

Your spell library contained the following spells:

 Spells                   Type           Power        Failure   Level  Hunger
 Vampiric Draining        Necr           ##........   10%         3    N/A
 Animate Dead             Necr           N/A          32%         4    N/A
 Bolt of Draining         Conj/Necr      #.........   92%         5    N/A
 Regeneration             Chrm/Necr      Unusable     N/A         3    N/A

Dungeon Overview and Level Annotations

Branches:
Dungeon (3/12)

Altars:
Uskayaw


Innate Abilities, Weirdness & Mutations

You do not eat or drink.
Your flesh is vulnerable to fire.
You are immune to poison.
You possess an exceptional clarity of mind.
Your flesh is cold resistant. (rC+)
You are immune to negative energy. (rN+++)
You are immune to unholy pain and torment.
You can survive without breathing.


Message History

Confirm with . or Enter, or press ? or * to list all spells.
You don't have enough magic to cast that spell.
You closely miss the orc. The orc barely misses you.
The orc wizard hits you with a +0 dagger.
* * * LOW HITPOINT WARNING * * *
The orc closely misses you.
You closely miss the orc wizard.
The orc wizard is lightly wounded.
The orc wizard casts a spell at you. The magic dart hits you.
* * * LOW HITPOINT WARNING * * *
The orc wizard hits you with a +0 dagger.
* * * LOW HITPOINT WARNING * * *
The orc hits you.
* * * LOW HITPOINT WARNING * * *
You hit the orc but do no damage.
Your weapon exudes an aura of protection.
The orc wizard hits you but does no damage.
The orc hits you.
You die...

... ... # #.# ##########
#.# #)..#..... #.#
#.#.#.#... #.#
#.#.....#.
###.#######.###.....#.#.
....ooo@o...............
....#######.#...........
# #...###......# ###.#
#......# ..#.........
####.######## .. ....
###. #.


You could see an orc wizard and 3 orcs.

Vanquished Creatures
  An orc priest (D:3)
  A worm (D:2)
  3 bats
  A giant cockroach (D:1)
  2 goblins (D:2)
  6 hobgoblins
  2 quokkas (D:2)
  2 frilled lizards (D:2)
  A kobold (D:2)
  A quokka skeleton (D:2)
  3 rats
23 creatures vanquished.

Notes
Turn   | Place    | Note
-------+----------+-------------------------------------------
     0 | D:1      | Freyura the Mummy Necromancer began the quest for the Orb.
     0 | D:1      | Reached XP level 1. HP: 13/13 MP: 4/4
   593 | D:1      | Reached XP level 2. HP: 14/20 MP: 3/6
   733 | D:2      | Found a hide-covered altar of Uskayaw.
  1460 | D:2      | Reached skill level 1 in Fighting
  1616 | D:3      | Reached XP level 3. HP: 18/26 MP: 2/8
  1625 | D:3      | HP: 1/26 [orc (1)]
  1626 | D:3      | Slain by an orc

Skill      XL: |  1  2 |
---------------+-------+-----
Spellcasting   | 3 |  3.8
Fighting       | 1 |  1.2
Dodging        | |  1.5
Stealth        | |  2.7
Necromancy     | |  4.3

Action                   || total
-------------------------++-------
Melee: Dagger            ||   105
 Cast: Pain              ||    17
  Use: Scroll            ||     2
 Stab: Sleeping          ||     5
Armor: Robe              ||    40
Dodge: Dodged            ||    66
